 Dungeon Crawl Stone Soup version 0.31-a0-1620-gcbf77bbcfc (webtiles) character file.

Game seed: 9400733507560493920

1893251 Ge0ff the Philosopher (level 26, 187/187 HPs)
             Began as a Merfolk Brigand on Jan 11, 2024.
             Was the Champion of Ru.
             Escaped with the Orb
             ... and 4 runes
             ... and 2 gems on Jan 12, 2024!
             The game lasted 04:05:16 (130100 turns).

Ge0ff the Philosopher (Merfolk Brigand)           Turns: 130100, Time: 04:05:17

Health: 187/187    AC: 18    Str: 18    XL:     26
Magic:  56/56      EV: 25    Int: 21    God:    Ru [******]
Gold:   3578       SH:  0    Dex: 19    Spells: 31/66 levels left

rFire   + . .        a - staff of cold
rCold   + + +        S - orb of Xuppu {*channel, rN+ Dex+3}
rNeg    + . .        i - +3 leather armour of the Monkey {Will+ Regen+ SInv}
rPois   +            G - +1 helmet of Tiaci {rC++ Str+3 Stlth+}
rElec   +            Q - +2 cloak of the Thief {*Fog Slay-2 SInv Stlth+}
rCorr   .            A - +0 pair of gloves "Viur" {rPois Slay+2}
SInv    +            p - +0 pair of boots of the Fife {Int+3}
Will    ++++.        h - amulet of regeneration Stlth
                     O - ring "Wac Tiru" {rElec rF+ Will+ MP+9 Stlth+, =R}
HPRegen 2.11/turn    k - ring of wizardry
MPRegen 0.35/turn

%: clarity, wizardry (x1), channel magic (20%)
@: studying 3 skills
A: screaming 1, inability to read after injury 2, no stealth, hated by all, no
earth magic, no hexes magic, no necromancy magic, inexperienced 1, (nimble
swimmer 2), mertail, iridescent scales 1, clarity, cold resistance 1, dopey 1,
frail 1, strong-willed 1, strong 1, wild magic 1
0: Orb of Zot
}: 4/15 runes: decaying, slimy, silver, gossamer
a: Renounce Religion, Draw Out Power, Power Leap, Apocalypse


You escaped.
You worshipped Ru.
Ru was exalted by your worship.
You visited 12 branches of the dungeon, and saw 56 of its levels.
You also visited: Wizlab.

You collected 9357 gold pieces.
You spent 5779 gold pieces at shops.

Inventory:

Hand Weapons
 w - a +9 dagger of electrocution
Missiles
 e - 21 javelins
 g - 3 throwing nets {=F}
 v - 16 curare-tipped darts {=F}
 x - 8 silver javelins
 D - 38 boomerangs
 Z - 2 darts of dispersal
Armour
 i - the +3 leather armour of the Monkey (worn) {Will+ Regen+ SInv}
   (You found it on level 4 of the Spider Nest)

   Will+:     It increases your willpower.
   SInv:      It lets you see invisible.
   Regen+:    It increases your rate of health regeneration.
 p - the +0 pair of boots of the Fife (worn) {Int+3}
   (You acquired it on level 8 of the Dungeon)

   Int+3:     It affects your intelligence (+3).
 A - the +0 pair of gloves "Viur" (worn) {rPois Slay+2}
   (You found it on level 3 of the Elven Halls)

   Slay+2:    It affects your accuracy & damage with ranged weapons and melee
   (+2).
   rPois:     It protects you from poison
 G - the +1 helmet of Tiaci (worn) {rC++ Str+3 Stlth+}
   (You bought it in a shop on level 1 of the Dungeon)

   Str+3:     It affects your strength (+3).
   rC++:      It greatly protects you from cold.
   Stlth+:    It makes you more stealthy.
 Q - the +2 cloak of the Thief (worn) {*Fog Slay-2 SInv Stlth+}
   (You bought it in a shop on level 2 of the Orcish Mines)

   *Fog:      It may release a thick cloud of smoke when the wearer is hurt.
   Slay-2:    It affects your accuracy & damage with ranged weapons and melee
   (-2).
   SInv:      It lets you see invisible.
   Stlth+:    It makes you more stealthy.
 S - the orb of Xuppu (worn) {*channel, rN+ Dex+3}
   (You found it on level 4 of the Spider Nest)

   Dex+3:     It affects your dexterity (+3).
   rN+:       It protects you from negative energy.
Magical Staves
 a - a staff of cold (weapon)
Jewellery
 c - the ring "Epuumma" {Fly MP+9 EV+5 Slay+3 Stlth+}
   (You took it off a rakshasa on level 3 of the Depths)

   [ring of evasion]

   EV+5:      It affects your evasion (+5).
   Slay+3:    It affects your accuracy & damage with ranged weapons and melee
   (+3).
   MP+9:      It affects your magic capacity (+9).
   Fly:       It grants you flight.
   Stlth+:    It makes you more stealthy.
 h - an amulet of regeneration (around neck)
 k - a ring of wizardry (right hand)
 O - the ring "Wac Tiru" (left hand) {rElec rF+ Will+ MP+9 Stlth+, =R}
   (You found it on level 1 of the Realm of Zot)

   [ring of magical power]

   rF+:       It protects you from fire.
   rElec:     It insulates you from electricity.
   Will+:     It increases your willpower.
   MP+9:      It affects your magic capacity (+9).
   Stlth+:    It makes you more stealthy.
 U - a +6 ring of intelligence
 Y - the ring "Siem" {rF+ rN+}
   (You took it off a deep elf death mage on level 3 of the Elven Halls)

   [ring of protection from fire]

   rF+:       It protects you from fire.
   rN+:       It protects you from negative energy.
Wands
 d - a wand of digging (19)
 f - a wand of flame (96)
 j - a wand of quicksilver (37)
 r - a wand of roots (17)
 s - a wand of mindburst (19)
 P - a wand of polymorph (29)
Scrolls
 m - a scroll of revelation
 y - 6 scrolls of immolation
 B - 2 scrolls of blinking
 C - 9 scrolls of poison
 E - 14 scrolls of fear
 F - 12 scrolls of fog
 J - 5 scrolls of silence {!r}
 T - 20 scrolls of teleportation
 V - 11 scrolls of vulnerability
Potions
 o - 6 potions of ambrosia
 q - 20 potions of curing
 u - 6 potions of mutation {!q}
 z - 7 potions of brilliance
 H - 8 potions of haste {!q}
 I - 6 potions of invisibility
 K - 4 potions of magic {!q}
 L - 6 potions of lignification
 M - 13 potions of might
 N - 3 potions of cancellation {!q}
 R - 4 potions of resistance
 W - 19 potions of heal wounds {!q}
 X - 13 potions of enlightenment
Miscellaneous
 l - a lightning rod (4/4)
 n - a phial of floods
 t - a tin of tremorstones (2/2)


   Skills:
 - Level 17.0 Fighting
 - Level 10.0 Short Blades
 - Level 6.0 Throwing
 + Level 11.3 Armour
 + Level 19.3 Dodging
 - Level 5.0 Shields
 + Level 20.8 Spellcasting
 - Level 16.0 Conjurations
 - Level 7.0 Translocations
 + Level 25.8 Ice Magic
 + Level 26.3 Alchemy
 - Level 12.0 Evocations


You had 31 spell levels left.
You knew the following spells:

 Your Spells              Type           Power      Damage    Failure   Level
d - Iskenderun's Mystic   Conj/Tloc      74%        2d15      1%          4
g - Apportation           Tloc           100%       N/A       1%          1
j - Orb of Destruction    Conj           43%        9d12      6%          7
s - Polar Vortex          Ice            65%        12d8*     10%         9
B - Blink                 Tloc           100%       N/A       1%          2
C - Ozocubu's Refrigerat  Ice            65%        4d21      1%          7
E - Irradiate             Conj/Alch      48%        3d27      1%          5

Your spell library contained the following spells:

 Spells                   Type           Power      Damage    Failure   Level
 Foxfire                  Conj/Fire      100%       2x1d9     1%          1
 Freeze                   Ice            100%       1d10      1%          1
 Magic Dart               Conj           100%       1d8       1%          1
 Shock                    Conj/Air       100%       1d9       1%          1
 Sting                    Conj/Alch      100%       1d9       1%          1
 Lesser Beckoning         Tloc           100%       N/A       1%          2
 Mercury Vapours          Alch/Air       100%       N/A       1%          2
 Momentum Strike          Conj/Tloc      100%       3d10      1%          2
 Searing Ray              Conj           100%       2d8       1%          2
 Static Discharge         Conj/Air       100%       3-8/arc   1%          2
 Frozen Ramparts          Ice            100%       1d16      1%          3
 Hailstorm                Conj/Ice       100%       3d16      1%          3
 Ozocubu's Armour         Ice            100%       N/A       1%          3
 Fulminant Prism          Conj/Alch      48%        3d21      1%          4
 Ignite Poison            Fire/Alch      79%        N/A       1%          4
 Olgreb's Toxic Radiance  Alch           100%       N/A       1%          4
 Sticky Flame             Fire/Alch      79%        2d12      1%          4
 Alistair's Intoxication  Alch           71%        N/A       1%          5
 Iskenderun's Battlesphe  Conj           86%        2d13      1%          5
 Eringya's Noxious Bog    Alch           53%        4d6       1%          6
 Gell's Gravitas          Tloc           61%        N/A       2%          3
 Teleport Other           Tloc           61%        N/A       2%          3
 Flame Wave               Conj/Fire      64%        2d15      3%          4
 Volatile Blastmotes      Fire/Tloc      94%        2d17      4%          3
 Manifold Assault         Tloc           61%        N/A       4%          4
 Passage of Golubria      Tloc           61%        N/A       4%          4
 Fireball                 Conj/Fire      32%        3d14      6%          5
 Vhi's Electric Charge    Tloc/Air       94%        N/A       10%         4
 Swiftness                Air            28%        N/A       12%         3
 Conjure Ball Lightning   Conj/Air       32%        3x3d10    17%         6
 Starburst                Conj/Fire      32%        6d10      17%         6
 Dispersal                Tloc           30%        N/A       24%         6
 Airstrike                Air            14%        2d(2-18)  26%         4
 Plasma Beam              Fire/Air       14%        2x1d25    92%         6
 Disjunction              Tloc           30%        N/A       99%         8
 Ignition                 Fire           14%        3d6       100%        8
 Chain Lightning          Conj/Air       32%        3d42      100%        9
 Fire Storm               Conj/Fire      32%        8d8       100%        9
 Ensorcelled Hibernation  Hex/Ice        Unusable   N/A       N/A         2
 Leda's Liquefaction      Alch/Erth      Unusable   N/A       N/A         4
 Petrify                  Alch/Erth      Unusable   N/A       N/A         4
 Sculpt Simulacrum        Ice/Alch       Unusable   N/A       N/A         6
 Brom's Barrelling Bould  Conj/Erth      Unusable   2d8       N/A         4
 Call Imp                 Summ           Unusable   N/A       N/A         2
 Jinxbite                 Hex            Unusable   N/A       N/A         2
 Sublimation of Blood     Necr           Unusable   N/A       N/A         2
 Dimensional Bullseye     Hex/Tloc       Unusable   N/A       N/A         4
 Call Canine Familiar     Summ           Unusable   N/A       N/A         3
 Fugue of the Fallen      Necr           Unusable   N/A       N/A         3
 Inner Flame              Hex/Fire       Unusable   N/A       N/A         3
 Passwall                 Erth           Unusable   N/A       N/A         3
 Sigil of Binding         Hex            Unusable   N/A       N/A         3
 Summon Forest            Summ/Tloc      Unusable   N/A       N/A         5
 Cause Fear               Hex            Unusable   N/A       N/A         4
 Summon Lightning Spire   Summ/Air       Unusable   N/A       N/A         4
 Lehudib's Crystal Spear  Conj/Erth      Unusable   10d8      N/A         8
 Summon Hydra             Summ           Unusable   N/A       N/A         7
 Discord                  Hex            Unusable   N/A       N/A         8
 Dragon's Call            Summ           Unusable   N/A       N/A         9
 Shatter                  Erth           Unusable   3d14*     N/A         9

Dungeon Overview and Level Annotations

Branches:
Dungeon (15/15)            Temple (1/1) D:4            Lair (5/5) D:9
  Swamp (4/4) Lair:2       Spider (4/4) Lair:3        Slime (5/5) Lair:5
    Orc (2/2) D:9             Elf (3/3) Orc:2        Vaults (5/5) D:14
  Crypt (3/3) Vaults:2       Tomb (0/3) Crypt:3      Depths (4/4) D:15
    Zot (5/5) Depths:4     WizLab (visited)

Altars:
Ashenzari
Cheibriados
Dithmenos
Elyvilon
Gozag
Kikubaaqudgha
Makhleb
Nemelex Xobeh
Okawaru
Qazlal
Ru
Sif Muna
Trog
Uskayaw
Vehumet
Wu Jian
Xom
Zin
The Shining One
Lugonu

Shops:
D:1 *[::   D:2 =   D:9 [   D:11 :   D:13 =   Orc:2 :([[(**   Vaults:2 *
Vaults:4 *::!?

Portals:
Hell: Depths:1 Depths:2 Depths:3 Depths:4
Abyss: Lair:5 Depths:1 Depths:3
Pandemonium: Depths:2 Depths:4
Ziggurat: Depths:4

Annotations:
Zot:3 4 exclusions


Innate Abilities, Weirdness & Mutations

You occasionally shout uncontrollably at your foes.
You sometimes lose the ability to read scrolls when taking damage.
You cannot be stealthy.
You are hated by all.
You cannot study or cast Earth magic.
You cannot study or cast Hexes magic.
You cannot study or cast Necromancy magic.
You are somewhat inexperienced. (-1 XL)
((You are very nimble when in or above water. (Stealth+, EV+, Speed+++)))
Your lower body shifts to a powerful aquatic tail in water.
You are partially covered in iridescent scales. (AC +2)
You possess an exceptional clarity of mind.
Your flesh is cold resistant. (rC+)
You are dopey. (Int -2)
You are frail. (-10% HP)
You are strong-willed. (Will+)
Your muscles are strong. (Str +4, Int/Dex -1)
Your spells are a little harder to cast, but a little more powerful.


Message History

You climb upwards.
Magic restored.
There is a stone staircase leading down here.
There is a stone staircase leading up here.
You climb upwards.
There is a stone staircase leading down here.
There is an open door here.
There is an open door here.
There is a stone staircase leading up, spattered with blood here.
You climb upwards.
There is a stone staircase leading down here.
Things that are here:
a +0 short sword; a +0 club
There is a stone staircase leading up here.
You climb upwards.
There is a stone staircase leading down here.
Items here: )) [[.
There is a stone staircase leading up here.
You climb upwards.
There is a stone staircase leading down here.
There is an escape hatch in the ceiling here.
A mysterious force pulls you upwards. The hatch slams shut behind you.
There is an open door here.
You open the door.
There is an open door here.
There is a stone staircase leading up here.
You climb upwards.
There is a stone staircase leading down here.
An Executioner comes into view.
There is a stone staircase leading up here.
You climb upwards.
There is a stone staircase leading down here.
You feel yourself speed up.
There is a stone staircase leading up, spattered with blood here.
There is a stone staircase leading up, spattered with blood here.
You climb upwards.
There is a stone staircase leading down here.
There is a stone staircase leading up here.
You climb upwards.
There is a stone staircase leading down here.
There is a stone staircase leading up here.
You climb upwards.
There is a stone staircase leading down here.
Your extra speed is starting to run out.
You feel yourself slow down.
There is a stone staircase leading up here.
You climb upwards.
There is a stone staircase leading down here.
There is a fountain of clear blue water here.
There is a staircase leading out of the dungeon here.
You have escaped!

###......................###
##....#.####.####.####.##...##
#..###...##...##...##...###..#
#.## #.⌠.##.⌠.##.⌠.##.⌠.# ##.#
#)####...##...##...##...####.#
#...###.####.####.####.###...#
#.⌠.###.####.####.####.###.⌠.#
#............................##
##.##.........@..........##.##.
#............................#.
#.⌠.###.####.####.####.###.⌠.#.
#...###.####.####.####.###...#.
#.####...##...##...##...####.#.
#.## #.⌠.##.⌠.##.⌠.##.⌠.# ##)#.
#..###...##...##...##...###..#.
##...##.####.####.####.##...##.
###†.....................#####


There were no monsters in sight!

Vanquished Creatures
  Frederick (Vaults:3)
  2 dread liches
  3 orbs of fire
  3 ancient liches
  2 juggernauts (Depths:3)
  Xtahua (Depths:4)
  The ghost of voshxx the Worldbinder, a veteran DrSu of Sif Muna (Crypt:3)
  7 Killer Klowns
  Bai Suzhen (Swamp:3)
  3 curse toes (Zot:4)
  Margery (Vaults:5)
  Norris (Depths:1)
  10 golden dragons
  2 profane servitors (WizLab)
  the Enchantress (Depths:4)
  The ghost of Wethrebo the Warrior, an adept DgNe (Crypt:3)
  2 bone dragons
  2 electric golems
  A Hell Sentinel (Depths:4)
  A hellephant (Vaults:5)
  25 tentacled monstrosities
  21 Orb Guardians
  The ghost of Cacw the Blinker, an adept SpDe of Jiyva (Crypt:3)
  Jorgrun (Swamp:2)
  A walking earthen tome (Depths:3)
  A walking crystal tome (Depths:3)
  2 deep elf blademasters (Elf:3)
  18 acid blobs
  A walking divine tome (Depths:3)
  Mlioglotl (Swamp:3)
  9 liches
  2 deep elf master archers (Elf:3)
  13 quicksilver dragons
  11 sphinxes
  9 titans
  2 eldritch tentacles (WizLab)
  13 death cobs
  5 Executioners
  2 tentacled starspawn (WizLab)
  3 ancient champions
  Frances (D:14)
  Aizul (Swamp:3)
  11 shadow dragons
  10 azure jellies
  23 storm dragons
  7 tengu reavers
  3 revenants (Crypt:3)
  Donald (Vaults:3)
  6 protean progenitors
  2 thorn hunters
  8 rockslimes
  Roxanne (Swamp:3)
  2 emperor scorpions (Spider:4)
  3 draconian knights
  11 fire giants
  5 deep elf sorcerers
  5 draconian monks
  7 draconian shifters
  2 curse skulls
  8 draconian scorchers
  18 vault wardens
  8 ghost moths
  6 balrugs
  3 deep elf elementalists (Elf:3)
  4 iron dragons
  7 frost giants
  A spectral caustic shrike (Crypt:3)
  6 spriggan defenders
  4 draconian annihilators (Zot:4)
  9 ghouls
  An angel (Depths:4)
  19 very ugly things
  12 quicksilver oozes
  21 stone giants
  A reaper (Depths:1)
  The ghost of Kusum the Martial Artist, a journeyman DsFi of Okawaru (Orc:1)
  14 formless jellyfish
  3 orc warlords
  17 ironbound preservers
  8 deep elf death magi
  4 broodmothers
  3 draconian stormcallers
  11 ironbound thunderhulks
  A rockslime zombie (Crypt:1)
  2 lorocyprocas
  16 black draconians
  14 green draconians
  10 deep elf demonologists
  7 eleionomae
  6 deep elf annihilators
  3 bunyips
  9 vampire knights
  2 war gargoyles
  8 dire elephants
  11 spark wasps
  9 yellow draconians
  13 white draconians
  14 red draconians
  13 purple draconians
  9 jiangshi
  2 merfolk impalers (Depths:3)
  7 blizzard demons
  6 eidola
  13 fire dragons
  2 crystal guardians (Vaults:2)
  2 green deaths (Swamp:4)
  The ghost of Borsukrates the Brawler, a journeyman DrSh of Qazlal (D:15)
  5 merfolk javelineers
  9 ettins
  Josephine (D:11)
  8 yaktaur captains
  A spectral quicksilver dragon (Crypt:3)
  6 entropy weavers
  12 great orbs of eyes
  5 deep elf high priests
  33 vault guards
  6 rakshasas
  9 spriggan air magi
  Harold (D:11)
  15 hydras
  4 jorogumos
  9 ice dragons
  6 boulder beetles
  2 peacekeepers (Vaults:2)
  3 ghost crabs
  4 ogre magi
  4 radroaches (Spider:4)
  3 alligators
  2 death knights
  4 two-headed ogres
  13 centaur warriors
  8 ironbound frosthearts
  A two-headed ogre (shapeshifter) (WizLab)
  14 deep troll earth magi
  24 dancing weapons
  2 death scarabs
  7 deep troll shamans
  6 death yaks (Lair:3)
  6 vampire magi
  3 orc high priests
  6 tengu warriors
  9 spriggan berserkers
  A spectral dire elephant (Crypt:3)
  4 thrashing horrors
  2 shock serpents (shapeshifter) (Vaults:5)
  An occultist (Depths:3)
  4 demonic crawlers
  Nergalle (Orc:1)
  Urug (D:11)
  A sun demon (Depths:4)
  6 skysharks
  9 iron trolls
  9 deep elf knights
  3 sixfirhies
  4 pharaoh ants
  A spectral anaconda (Crypt:3)
  17 hell knights
  Lodul (D:14)
  14 shadow wraiths
  25 skeletal warriors
  6 flayed ghosts
  5 goliath frogs
  A shadow demon (WizLab)
  A storm dragon skeleton (Crypt:2)
  11 orb spiders
  3 large abominations
  5 deep elf archers
  5 spriggan druids
  3 obsidian statues
  6 lindwurms
  8 arcanists
  9 bog bodies
  50 deep trolls
  6 swamp dragons
  3 glowing orange brains
  A sun moth (Spider:4)
  2 lindwurms (shapeshifter)
  3 harpies (Vaults:1)
  2 steelbarb worms
  6 orc knights
  Pikel (D:7)
  An orange crystal statue (D:13)
  A swamp dragon (shapeshifter) (Depths:2)
  19 deep elf zephyrmancers
  6 necromancers
  3 starcursed masses (WizLab)
  33 phantasmal warriors
  A mana viper (shapeshifter) (Vaults:5)
  20 ironbound convokers
  40 ugly things
  2 human zombies
  14 deep elf pyromancers
  5 oklob plants
  23 wolf spiders
  A bunyip skeleton (Crypt:1)
  6 orc sorcerers
  A stone giant zombie (Crypt:2)
  6 will-o-the-wisps
  2 cyclopes
  13 shining eyes
  2 spectral centaurs (Crypt:3)
  2 worldbinders (WizLab)
  An iron dragon zombie (Vaults:5)
  A jorogumo skeleton (Crypt:1)
  A spectral ettin (Crypt:3)
  3 manticores
  A meliai (shapeshifter) (Elf:3)
  2 moths of wrath (shapeshifter)
  32 moths of wrath
  A water nymph (shapeshifter) (Vaults:5)
  11 meliai
  5 elephants (Lair:3)
  8 kobold blastminers
  7 vault sentinels
  A rust devil (Depths:4)
  120 slime creatures
  A fire giant skeleton (Vaults:5)
  6 black mambas
  2 stone giant skeletons
  An apocalypse crab (WizLab)
  2 smoke demons (Lair:5)
  A mana viper zombie (Crypt:2)
  An orange demon (Swamp:4)
  A death yak zombie (Crypt:3)
  3 torpor snails
  An eye of devastation (Slime:5)
  3 gargoyles
  A yellow draconian zombie (Crypt:1)
  A swamp worm zombie (Crypt:3)
  11 cane toads
  A kobold demonologist (D:11)
  A dire elephant skeleton (WizLab)
  A hellion (Depths:2)
  9 freezing wraiths
  8 komodo dragons
  32 yaktaurs
  5 tengu conjurers
  3 rime drakes
  A spectral harpy (Crypt:3)
  A yaktaur skeleton (Vaults:5)
  A yellow draconian skeleton (Crypt:3)
  A sea snake skeleton (Crypt:2)
  A grey draconian skeleton (Crypt:2)
  2 black draconian skeletons (Crypt:1)
  10 hornets
  5 bloated husks
  A merfolk (shapeshifter) (WizLab)
  2 polar bears
  9 trolls
  24 tarantellas
  8 tyrant leeches
  A hellwing (WizLab)
  Prince Ribbit (D:7)
  8 glass eyes
  A radroach zombie (Crypt:2)
  3 raiju
  36 blink frogs
  A culicivora zombie (Crypt:2)
  26 jumping spiders
  An ettin skeleton (Vaults:5)
  17 culicivoras
  12 spriggans
  A ynoxinul (Lair:5)
  A jumping spider (shapeshifter) (Vaults:5)
  15 water elementals
  35 yaks
  11 shadows
  A vampire (D:10)
  5 wyverns
  18 wraiths
  A fire elemental (Elf:3)
  2 fire bats (Depths:3)
  Grum (D:9)
  2 golden eyes (Slime:2)
  6 basilisks
  4 humans
  A neqoxec (Depths:1)
  2 wargs
  55 redbacks
  10 vampire mosquitoes
  2 chaos spawn (Lair:5)
  A demonspawn zombie (Crypt:2)
  Edmund (D:5)
  A swamp worm (shapeshifter) (Vaults:5)
  24 swamp worms
  2 elf skeletons (Vaults:5)
  2 acid dragons
  A cane toad zombie (Crypt:3)
  A water nymph skeleton (Crypt:3)
  13 water moccasins
  2 ice beasts
  40 orc warriors
  A glowing shapeshifter skeleton (Vaults:5)
  2 black bears (D:4)
  3 swamp drakes
  36 laughing skulls
  15 ogres
  12 small abominations
  4 boggarts (WizLab)
  A swamp dragon zombie (Crypt:2)
  A human skeleton (Vaults:2)
  13 wolves
  11 centaurs
  A lindwurm skeleton (Crypt:3)
  2 phantoms
  2 kobold brigands
  9 weeping skulls (Crypt:3)
  11 bullfrogs
  2 scorpions
  4 necrophages
  10 wights
  A draconian skeleton (Crypt:1)
  2 human simulacra
  2 troll zombies (D:9)
  17 killer bees
  A polar bear skeleton (Crypt:1)
  2 electric eels
  2 howler monkeys (D:10)
  A raiju skeleton (Crypt:1)
  A wolf zombie (Crypt:2)
  Crazy Yiuf (D:7)
  4 bombardier beetles
  4 jellies
  17 orc priests
  2 hounds
  Jessica (D:2)
  4 iguanas
  26 orc wizards
  3 sleepcaps
  A statue (D:3)
  4 ogre zombies (D:9)
  A deep dwarf zombie (Crypt:3)
  A deep dwarf skeleton (Crypt:3)
  A steam dragon zombie (Crypt:3)
  12 adders
  A swamp drake zombie (Crypt:1)
  A shadow imp (D:5)
  3 white imps
  4 ufetubi (D:5)
  2 ribbon worms
  4 dart slugs
  95 orcs
  8 ball pythons
  7 endoplasms
  5 giant cockroaches
  4 gnoll zombies (D:9)
  10 goblins
  7 hobgoblins
  6 jackals
  6 quokkas
  6 bats
  A gnoll skeleton (D:9)
  16 kobolds
  3 orc skeletons (D:9)
  11 orc zombies (D:9)
  8 rats
  15 aspiring fleshes
  A starspawn tentacle (WizLab)
2556 creatures vanquished.

Vanquished Creatures (others)
  A profane servitor (WizLab)
  A lich (Vaults:2)
  An Orb Guardian (Zot:5)
  A tengu reaver (Vaults:5)
  A jiangshi (Crypt:2)
  2 centaur warriors (Vaults:1)
  A boulder beetle (D:11)
  A red draconian zombie (Crypt:1)
  A tengu conjurer (Depths:2)
  2 bloated husks
  A blink frog (Lair:2)
  A jumping spider (Spider:1)
  A redback (Spider:2)
  An ogre (D:14)
  A hobgoblin (D:4)
  8 foxfires
  3 starspawn tentacles (WizLab)
28 creatures vanquished.

Grand Total: 2584 creatures vanquished

Notes
Turn   | Place    | Note
-------+----------+-------------------------------------------
     0 | D:1      | Ge0ff the Merfolk Brigand began the quest for the Orb.
     0 | D:1      | Reached XP level 1. HP: 16/16 MP: 1/1
    66 | D:1      | Found Wuxteir's Book Shoppe.
   124 | D:1      | Reached XP level 2. HP: 22/22 MP: 2/2
   156 | D:1      | Found Ejecs's Assorted Antiques.
   163 | D:1      | Bought an inky potion for 27 gold pieces
   276 | D:1      | Found a faded altar of an unknown god.
   286 | D:1      | Prayed at the altar of an unknown god.
   286 | D:1      | Became a worshipper of Ru the Awakened
   304 | D:1      | Gained mutation: You are somewhat inexperienced. (-1 XL)
                  | [Ru sacrifice]
   304 | D:1      | Reached XP level 1. HP: 16/16 MP: 1/1
   304 | D:1      | Reached * piety under Ru
   329 | D:1      | Found Siabats's Antique Armour Shop.
   549 | D:1      | Found Koeplem's Book Emporium.
   937 | D:2      | Reached XP level 2. HP: 22/22 MP: 2/2
  1250 | D:2      | Found Meaps's Jewellery Boutique.
  1332 | D:2      | Reached skill level 5 in Short Blades
  1332 | D:2      | Reached XP level 3. HP: 27/28 MP: 3/3
  1357 | D:2      | Noticed Jessica
  1362 | D:2      | Killed Jessica
  1374 | D:2      | Learned a level 3 spell: Frozen Ramparts
  1838 | D:2      | Reached skill level 1 in Spellcasting
  2129 | D:1      | Bought a scroll labelled TAGASO DOIGIN for 30 gold pieces
  2264 | D:3      | Found a radiant altar of Vehumet.
  2264 | D:3      | Noticed a frost-covered statue
  2289 | D:3      | Found a sacrificial altar of Ru.
  2291 | D:3      | Noticed an orc warrior
  2294 | D:3      | Found a transporter.
  2303 | D:3      | Found a transporter.
  2339 | D:3      | Reached skill level 1 in Ice Magic
  2340 | D:3      | Reached XP level 4. HP: 35/35 MP: 5/5
  2397 | D:3      | Gained mutation: You are hated by all. [Ru sacrifice]
  2397 | D:3      | Reached ** piety under Ru
  2397 | D:3      | Reached *** piety under Ru
  3025 | D:3      | Killed a frost-covered statue
  3083 | D:4      | Reached XP level 5. HP: 39/41 MP: 6/8
  3213 | D:4      | Noticed a black bear
  3216 | D:4      | Killed a black bear
  3622 | D:4      | Found a shimmering altar of Xom.
  3648 | D:4      | Noticed a black bear
  3661 | D:4      | Killed a black bear
  3662 | D:4      | Reached XP level 6. HP: 47/47 MP: 10/10
  3669 | D:4      | Found a staircase to the Ecumenical Temple.
  3707 | Temple   | Entered the Ecumenical Temple
  3778 | D:4      | Found a burning altar of Makhleb.
  3994 | D:4      | Found a glowing golden altar of the Shining One.
  4107 | D:1      | Bought 2 glowing emerald potions for 54 gold pieces
  4365 | D:4      | Found a sparkling altar of Nemelex Xobeh.
  4366 | D:4      | Found an opulent altar of Gozag.
  4376 | D:5      | Entered Level 5 of the Dungeon
  4483 | D:5      | Reached skill level 5 in Ice Magic
  4509 | D:5      | Reached XP level 7. HP: 47/52 MP: 7/11
  4617 | D:5      | Reached skill level 1 in Evocations
  4729 | D:5      | Noticed Edmund
  4740 | D:5      | Killed Edmund
  4798 | D:5      | Reached skill level 5 in Stealth
  5232 | D:5      | Found a stormy altar of Qazlal.
  5837 | D:6      | You fall into a shaft and drop 1 floor!
  5854 | D:7      | Reached XP level 8. HP: 61/61 MP: 8/12
  6083 | D:6      | HP: 2/57 [wight/+3 flail (2)]
  6396 | D:6      | Reached skill level 5 in Fighting
  7247 | D:7      | Noticed Pikel
  7268 | D:7      | Killed Pikel
  7356 | D:7      | Noticed a troll
  7369 | D:7      | Killed a troll
  7605 | D:7      | Found a runed translucent door.
  7606 | D:7      | Noticed Crazy Yiuf
  7986 | D:7      | Reached skill level 10 in Short Blades
  7986 | D:7      | Reached XP level 9. HP: 68/68 MP: 10/13
  8207 | D:7      | Killed Crazy Yiuf
  8354 | D:7      | Noticed Prince Ribbit
  8386 | D:7      | Killed Prince Ribbit
  8509 | D:7      | Learned a level 7 spell: Ozocubu's Refrigeration
  8671 | D:1      | Bought a polished helmet for 247 gold pieces
  8671 | D:1      | Identified the +1 helmet of Tiaci {rC++ Str+3 Stlth+} (You
                  | bought it in a shop on level 1 of the Dungeon)
  9031 | D:8      | Found an iron altar of Okawaru.
  9166 | D:8      | Noticed a two-headed ogre
  9176 | D:8      | Killed a two-headed ogre
  9235 | D:8      | Found an ornate altar of the Wu Jian Council.
  9285 | D:8      | Gained mutation: You cannot be stealthy. [Ru sacrifice]
  9285 | D:8      | Reached **** piety under Ru
  9659 | D:8      | Found a broken altar of Ashenzari.
  9816 | D:8      | Found a glowing silver altar of Zin.
  9909 | D:8      | Noticed a moth of wrath
  9911 | D:8      | Found a bloodstained altar of Trog.
 10215 | D:8      | Identified 3 scrolls of acquirement
 10215 | D:8      | Acquired the amulet "Roinuil" {Reflect SH+5 SInv}
 10226 | D:8      | Acquired a staff of cold
 10228 | D:8      | Acquired the +0 pair of boots of the Fife {Int+3}
 10521 | D:9      | Found a staircase to the Orcish Mines.
 10656 | D:9      | Reached skill level 5 in Dodging
 11268 | D:2      | Bought a ring of wizardry for 360 gold pieces
 11681 | D:9      | Found a white marble altar of Elyvilon.
 11690 | D:9      | Reached skill level 10 in Ice Magic
 11753 | D:9      | Reached XP level 10. HP: 69/77 MP: 12/16
 11937 | D:9      | Found a staircase to the Lair.
 12147 | D:9      | Reached skill level 5 in Evocations
 12352 | D:9      | Noticed Grum
 12366 | D:9      | Killed Grum
 12367 | D:9      | Reached skill level 5 in Spellcasting
 12518 | D:9      | Found Netatt's Antique Armour Shoppe.
 12964 | D:10     | Entered Level 10 of the Dungeon
 13164 | D:10     | Gained mutation: You occasionally lose the ability to read
                  | scrolls when taking damage. [Ru sacrifice]
 13164 | D:10     | Gained mutation: You sometimes lose the ability to read
                  | scrolls when taking damage. [Ru sacrifice]
 13164 | D:10     | Reached ***** piety under Ru
 13398 | D:10     | Noticed a two-headed ogre
 13406 | D:10     | Killed a two-headed ogre
 13591 | D:10     | Noticed a two-headed ogre
 13596 | D:10     | Killed a two-headed ogre
 13991 | D:11     | Noticed an obsidian statue
 14016 | D:11     | Noticed Harold
 14027 | D:11     | Killed Harold
 14366 | D:11     | Noticed Josephine
 14369 | D:11     | Killed Josephine
 14631 | D:11     | Noticed Urug
 14631 | D:11     | Noticed a two-headed ogre
 14634 | D:11     | Killed Urug
 14635 | D:11     | Reached XP level 11. HP: 65/84 MP: 19/21
 14636 | D:11     | Killed a two-headed ogre
 14748 | D:11     | Noticed a boulder beetle
 14759 | D:11     | Killed a boulder beetle
 14772 | D:11     | Found Ymuzarol's Book Shoppe.
 15913 | D:12     | Identified the +3 robe "Ilewiat" {rF+}
 16886 | D:13     | Found a runed translucent door.
 17038 | D:13     | Found a runed translucent door.
 17053 | D:13     | Found a runed translucent door.
 17299 | D:13     | Found Noidyus's Jewellery Shop.
 17457 | D:13     | Found a transporter.
 17569 | D:13     | Found a transporter.
 17759 | D:13     | Found a runed translucent door.
 18152 | Lair:1   | Entered Level 1 of the Lair of Beasts
 18154 | Lair:1   | Reached skill level 15 in Ice Magic
 18905 | Lair:1   | Reached XP level 12. HP: 91/91 MP: 16/24
 21158 | Lair:2   | Found a staircase to the Swamp.
 21158 | Lair:2   | Noticed an eleionoma
 21175 | Lair:2   | Killed an eleionoma
 22469 | Lair:3   | Reached skill level 10 in Spellcasting
 23163 | Lair:3   | Identified the +2 robe of Filth {-Cast Harm Regen+ SInv}
 23231 | Lair:3   | Gained mutation: You cannot study or cast Earth magic. [Ru
                  | sacrifice]
 23231 | Lair:3   | Gained mutation: You cannot study or cast Hexes magic. [Ru
                  | sacrifice]
 23231 | Lair:3   | Gained mutation: You cannot study or cast Necromancy magic.
                  | [Ru sacrifice]
 23415 | Lair:3   | Found a hole to the Spider Nest.
 23791 | Lair:3   | Reached XP level 13. HP: 96/96 MP: 6/28
 25508 | Lair:4   | Identified the +4 dagger "Unaklut" {freeze, rF+ rC+ rN+++
                  | Str-3}
 26525 | Lair:5   | Entered Level 5 of the Lair of Beasts
 26996 | Lair:5   | Found a staircase to the Slime Pits.
 28366 | Lair:4   | Gained mutation: You occasionally shout uncontrollably at
                  | your foes. [Ru sacrifice]
 28366 | Lair:4   | Reached ****** piety under Ru
 29600 | Lair:5   | Found the +11 Singing Sword {sonic wave}
 30657 | Lair:5   | Reached skill level 1 in Armour
 31179 | Lair:5   | Found a corrupted altar of Lugonu.
 31179 | Lair:5   | Found a one-way gate to the infinite horrors of the Abyss.
 31592 | D:13     | Identified the ring "Ijeafoil" {Str+5 Int-3 Dex+6 Stlth+}
 31768 | Orc:1    | Entered Level 1 of the Orcish Mines
 31771 | Orc:1    | Reached XP level 14. HP: 103/103 MP: 16/31
 32371 | Orc:2    | Entered Level 2 of the Orcish Mines
 32371 | Orc:2    | Found Dylegone's General Store.
 32574 | Orc:1    | Noticed Nergalle
 32576 | Orc:1    | Killed Nergalle
 32786 | Orc:2    | Found a staircase to the Elven Halls.
 33124 | Orc:1    | Found a runed translucent gate.
 33124 | Orc:1    | Found a runed translucent gate.
 33124 | Orc:1    | Found an iron altar of Okawaru.
 33124 | Orc:1    | Found a runed translucent gate.
 33124 | Orc:1    | Noticed Kusum's ghost (journeyman DsFi)
 33133 | Orc:1    | Killed Kusum's ghost
 33469 | Orc:2    | Found Pomefoel's Weapon Emporium.
 33790 | Orc:2    | Found Siter's Armour Boutique.
 34019 | Orc:2    | Gained mutation: You sometimes lose your temper in combat.
                  | [a neqoxec]
 34326 | Orc:2    | Reached skill level 1 in Shields
 34875 | Orc:2    | Found Haymymuf's Book Shoppe.
 35373 | Orc:2    | Noticed an orc warlord
 35502 | Orc:2    | Killed an orc warlord
 35826 | Orc:2    | Found Qiubacluzuh's Assorted Antiques.
 35831 | Orc:2    | Bought a scroll of immolation for 120 gold pieces
 35831 | Orc:2    | Bought a scroll of teleportation for 90 gold pieces
 36025 | Orc:2    | Found Tubypo's Antique Weapon Shoppe.
 36027 | Orc:2    | Found Risesam's Antique Armour Emporium.
 36575 | Orc:2    | Bought a book of Transmutation for 336 gold pieces
 36581 | Orc:2    | Learned a level 5 spell: Irradiate
 36909 | D:14     | Reached skill level 1 in Alchemy
 37091 | D:14     | Reached skill level 1 in Conjurations
 37184 | D:14     | Noticed Lodul
 37186 | D:14     | Killed Lodul
 37187 | D:14     | Reached skill level 2 in Alchemy
 37587 | D:14     | Reached skill level 3 in Alchemy
 37712 | D:14     | Reached skill level 4 in Alchemy
 37944 | D:14     | Found a gate to the Vaults.
 38288 | D:14     | Reached skill level 5 in Alchemy
 38435 | D:14     | Noticed Frances
 38439 | D:14     | Killed Frances
 38757 | D:14     | Reached XP level 15. HP: 111/111 MP: 18/33
 38858 | D:14     | Found a runed translucent door.
 39131 | D:15     | Entered Level 15 of the Dungeon
 39135 | D:15     | Reached skill level 6 in Alchemy
 39568 | D:15     | Found a staircase to the Depths.
 39570 | D:15     | Reached skill level 7 in Alchemy
 40410 | D:15     | Reached skill level 5 in Conjurations
 40505 | D:15     | Reached skill level 8 in Alchemy
 40669 | D:15     | Found a runed translucent door.
 40669 | D:15     | Noticed Borsukrates's ghost (journeyman DrSh)
 40669 | D:15     | Noticed a storm dragon
 40920 | D:15     | Lost mutation: You sometimes lose your temper in combat.
                  | [potion of mutation]
 40920 | D:15     | Gained mutation: Armour fits poorly on your strangely
                  | shaped body. [potion of mutation]
 40920 | D:15     | Gained mutation: You have a beak for a mouth. [potion of
                  | mutation]
 40921 | D:15     | Lost mutation: Armour fits poorly on your strangely shaped
                  | body. [potion of mutation]
 40921 | D:15     | Lost mutation: You have a beak for a mouth. [potion of
                  | mutation]
 40921 | D:15     | Gained mutation: You are frail. (-10% HP) [potion of
                  | mutation]
 40921 | D:15     | Gained mutation: You are partially covered in iridescent
                  | scales. (AC +2) [potion of mutation]
 40922 | D:15     | Lost mutation: You are frail. (-10% HP) [potion of
                  | mutation]
 40922 | D:15     | Lost mutation: You are partially covered in iridescent
                  | scales. (AC +2) [potion of mutation]
 40922 | D:15     | Gained mutation: You frequently scream uncontrollably at
                  | your foes. [potion of mutation]
 40922 | D:15     | Gained mutation: You sometimes lose your temper in combat.
                  | [potion of mutation]
 40923 | D:15     | Lost mutation: You sometimes lose your temper in combat.
                  | [potion of mutation]
 40923 | D:15     | Lost mutation: You frequently scream uncontrollably at your
                  | foes. [potion of mutation]
 40923 | D:15     | Gained mutation: You are agile. (Dex +4, Str/Int -1)
                  | [potion of mutation]
 40923 | D:15     | Gained mutation: Your body sometimes deteriorates upon
                  | taking damage. [potion of mutation]
 40923 | D:15     | Gained mutation: You are strong-willed. (Will+) [potion of
                  | mutation]
 41121 | Swamp:1  | Entered Level 1 of the Swamp
 41627 | Swamp:1  | Reached skill level 9 in Alchemy
 42429 | Swamp:1  | Noticed a thorn hunter
 42588 | Swamp:1  | Killed a thorn hunter
 43203 | Swamp:2  | Noticed Jorgrun
 43208 | Swamp:2  | Killed Jorgrun
 43223 | Swamp:2  | Reached skill level 10 in Alchemy
 43519 | Swamp:2  | Identified the +4 dagger of Breach {venom, rF++ rC- MP+9
                  | Int+2}
 44273 | Swamp:3  | Reached skill level 10 in Fighting
 44324 | Swamp:3  | Noticed Bai Suzhen
 44582 | Swamp:3  | Killed Bai Suzhen
 44605 | Swamp:3  | Noticed an azure jelly
 44620 | Swamp:3  | Killed an azure jelly
 44621 | Swamp:3  | Identified the serpent talisman "Holucvoturr" {rC+ Will+++
                  | Int-3 Stlth+}
 44621 | Swamp:3  | Noticed Aizul
 44636 | Swamp:3  | Found a glacial archway.
 44636 | Swamp:3  | Noticed Mlioglotl
 44803 | Swamp:3  | Killed Mlioglotl
 44804 | Swamp:3  | Reached skill level 11 in Alchemy
 44804 | Swamp:3  | Reached XP level 16. HP: 110/122 MP: 2/34
 44958 | Swamp:3  | Killed Aizul
 45117 | Swamp:3  | Noticed Roxanne
 46103 | Swamp:4  | Entered Level 4 of the Swamp
 46513 | Swamp:4  | Reached skill level 12 in Alchemy
 48636 | Swamp:4  | Learned a level 1 spell: Apportation
 50663 | Swamp:4  | Noticed a tentacled monstrosity
 50874 | Swamp:4  | Killed a tentacled monstrosity
 51251 | Swamp:4  | Got a decaying rune of Zot
 51451 | Orc:2    | Bought the +2 cloak of the Thief {*Fog Slay-2 SInv Stlth+}
                  | for 261 gold pieces
 51451 | Orc:2    | Found the +2 cloak of the Thief {*Fog Slay-2 SInv Stlth+}
 51591 | Spider:1 | Entered Level 1 of the Spider Nest
 52388 | Spider:1 | Reached skill level 5 in Shields
 54371 | Spider:2 | Reached XP level 17. HP: 125/137 MP: 1/35
 54822 | Spider:2 | You fall into a shaft and drop 1 floor!
 56952 | Spider:3 | Reached skill level 15 in Spellcasting
 57100 | Spider:4 | Entered Level 4 of the Spider Nest
 60664 | Spider:4 | Identified the +3 leather armour of the Monkey {Will+
                  | Regen+ SInv}
 62764 | Spider:4 | Got a gossamer rune of Zot
 62775 | Spider:4 | Identified the orb of Xuppu {*channel, rN+ Dex+3}
 63246 | D:11     | Bought a book of Blasting for 364 gold pieces
 63251 | D:11     | Learned a level 4 spell: Iskenderun's Mystic Blast
 63616 | Elf:1    | Entered Level 1 of the Elven Halls
 63940 | Elf:2    | Reached skill level 1 in Translocations
 63969 | Elf:3    | Entered Level 3 of the Elven Halls
 64172 | Elf:3    | Noticed a deep elf blademaster
 64180 | Elf:3    | Reached XP level 18. HP: 136/144 MP: 29/37
 64302 | Elf:3    | Reached skill level 15 in Fighting
 64403 | Elf:3    | Identified the +8 flail "Xolludibb" {flame, rElec rN+ SInv}
 64404 | Elf:3    | Identified the ring "Siem" {rF+ rN+}
 64406 | Elf:3    | Identified the +4 morningstar "Heiwaxuq" {speed, ^Drain Fly
                  | rCorr}
 64406 | Elf:3    | Identified the amulet "Zaexelog" {Spirit rElec Str+2}
 64408 | Elf:3    | Reached skill level 5 in Armour
 64532 | Elf:3    | Identified the +5 plate armour "Babaf" {rN++ Str+4 Stlth-}
 64730 | Elf:3    | Identified the staff of Balance {rElec rC+++ Will- Str+6
                  | Air}
 64731 | Elf:3    | Identified the +0 pair of gloves "Viur" {rPois Slay+2}
 64755 | Elf:3    | Identified the +1 ring mail "Mapotiub" {rF++ rN+ Will+
                  | Str-4}
 64781 | Elf:3    | Got a shimmering gem with 748 turns to spare
 64880 | Elf:3    | Identified the +7 spear of Slime {freeze, Str+2}
 64887 | Elf:3    | Got Quhaf's Tome of the Barrage
 65528 | Elf:3    | Lost the shimmering gem through the power of Zot.
 65920 | Elf:2    | Identified the +0 flail of Xovu {flame, rPois Will+ Stlth+}
 66111 | Elf:2    | Found a runed translucent gate.
 66111 | Elf:2    | Found a runed translucent gate.
 66111 | Elf:2    | Found a runed translucent gate.
 67667 | Elf:2    | Learned a level 7 spell: Orb of Destruction
 67672 | Elf:2    | Learned a level 4 spell: Airstrike
 68069 | Vaults:1 | Entered Level 1 of the Vaults
 69456 | Vaults:1 | Reached XP level 19. HP: 155/155 MP: 39/39
 69709 | Vaults:1 | Reached skill level 5 in Translocations
 70731 | Vaults:1 | Reached skill level 5 in Throwing
 71098 | Vaults:2 | Reached skill level 10 in Conjurations
 71113 | Vaults:2 | Noticed a bone dragon
 71157 | Vaults:2 | Killed a bone dragon
 71549 | Vaults:2 | Found a staircase to the Crypt.
 72303 | Vaults:2 | Identified the +0 robe of Fedhas's Envy {rElec Int+3}
 72500 | Vaults:2 | Found Temin's General Store.
 72592 | Vaults:2 | Bought a potion of curing for 45 gold pieces
 72592 | Vaults:2 | Bought a potion of curing for 45 gold pieces
 73424 | Vaults:2 | Acquired 1262 gold pieces
 73792 | Vaults:2 | Identified the +0 chain mail "Unke" {-Cast Dex+4 Slay+2}
 74881 | Vaults:2 | Identified the +4 quarterstaff of the Moon {vamp, rC++ rN++
                  | Int-5}
 75192 | Vaults:3 | Noticed Donald
 75198 | Vaults:3 | Killed Donald
 75427 | Vaults:3 | Identified the orb of the Sun {*channel, Slay+2}
 75427 | Vaults:3 | Noticed Frederick
 75438 | Vaults:3 | Killed Frederick
 75758 | Vaults:3 | Reached XP level 20. HP: 155/156 MP: 6/41
 76425 | Vaults:3 | Identified the amulet "Cihuotuq" {Faith rElec Str-4 Int+3
                  | SInv}
 78695 | Vaults:4 | Identified the +3 ring mail of the Sunfish {Fly rElec
                  | Slay+2}
 80314 | Vaults:4 | Found Oxotyrphas's Book Emporium.
 80573 | Vaults:4 | Found Getwurph's Book Shop.
 80742 | Vaults:4 | Found Fihave's Magic Scroll Shop.
 80743 | Vaults:4 | Found Ydwuodghe's Distillery.
 80750 | Vaults:4 | Bought a scroll of fear for 80 gold pieces
 80750 | Vaults:4 | Bought a scroll of fear for 80 gold pieces
 80750 | Vaults:4 | Bought a scroll of vulnerability for 80 gold pieces
 80750 | Vaults:4 | Bought a scroll of revelation for 150 gold pieces
 80750 | Vaults:4 | Bought a scroll of poison for 80 gold pieces
 80754 | Vaults:4 | Bought a potion of cancellation for 152 gold pieces
 80754 | Vaults:4 | Bought 2 potions of heal wounds for 190 gold pieces
 80754 | Vaults:4 | Bought a potion of magic for 152 gold pieces
 80754 | Vaults:4 | Bought a potion of curing for 57 gold pieces
 80754 | Vaults:4 | Bought a potion of might for 76 gold pieces
 80754 | Vaults:4 | Bought a potion of mutation for 152 gold pieces
 80754 | Vaults:4 | Bought 2 potions of curing for 114 gold pieces
 80981 | Vaults:4 | Found Tapifu's Assorted Antiques.
 80984 | Vaults:4 | Bought a potion of resistance for 440 gold pieces
 80984 | Vaults:4 | Bought a scroll of fear for 176 gold pieces
 81186 | Depths:1 | Entered Level 1 of the Depths
 81186 | Depths:1 | Noticed Norris
 81190 | Depths:1 | Killed Norris
 82547 | Depths:1 | Found a sacrificial altar of Ru.
 82693 | Depths:1 | Found a gateway to Hell.
 82735 | Depths:1 | Identified the ring "Gautta Xamu" {rC+ Int-2 Dex+6 Slay+5}
 83030 | Depths:2 | Reached skill level 15 in Conjurations
 83579 | Depths:2 | Reached XP level 21. HP: 163/164 MP: 3/42
 84636 | Depths:2 | You fall into a shaft and drop 1 floor!
 84650 | Depths:3 | Noticed a juggernaut
 85339 | Depths:2 | Noticed a golden dragon
 85349 | Depths:3 | Killed a golden dragon
 86581 | Depths:2 | Found a one-way gate leading to the halls of Pandemonium.
 88482 | Depths:3 | Noticed a juggernaut
 88491 | Depths:3 | Killed a juggernaut
 88841 | Orc:2    | Bought a book of Minor Magic for 192 gold pieces
 88844 | Orc:2    | Learned a level 2 spell: Blink
 89161 | Depths:3 | Noticed a golden dragon
 89171 | Depths:3 | Killed a golden dragon
 89761 | Depths:3 | Identified the ring "Epuumma" {Fly MP+9 EV+5 Slay+3 Stlth+}
 89793 | Depths:3 | Noticed a golden dragon
 89946 | Depths:3 | Noticed an ancient lich
 89982 | Depths:3 | Reached XP level 22. HP: 158/178 MP: 28/43
 90285 | Depths:3 | Reached skill level 10 in Dodging
 90525 | Depths:3 | Killed a juggernaut
 90721 | Depths:3 | Killed a golden dragon
 91251 | Depths:3 | Noticed a golden dragon
 91257 | Depths:3 | Killed a golden dragon
 91396 | Depths:3 | Killed an ancient lich
 91592 | Depths:3 | Found the +8 longbow "Zephyr" {speed, Dex+3 SInv}
 91862 | Depths:4 | Entered Level 4 of the Depths
 92204 | Depths:4 | Identified the +5 ring mail of the Intense God {Will+
                  | Int+2}
 92501 | Depths:4 | Learned a level 9 spell: Polar Vortex
 93424 | Depths:4 | Noticed Xtahua
 93447 | Depths:4 | Killed Xtahua
 94061 | Depths:4 | Noticed the Enchantress
 94064 | Depths:4 | Killed the Enchantress
 94403 | Depths:4 | Found a runed translucent door.
 94404 | Depths:4 | Found a glowing golden altar of the Shining One.
 95789 | Depths:4 | Reached XP level 23. HP: 187/187 MP: 12/44
 96143 | Depths:4 | Found a runed translucent door.
 96531 | Depths:4 | Found a runed translucent door.
 96532 | Depths:4 | Found a runed translucent door.
 96536 | Depths:4 | Found a runed translucent door.
 96742 | Depths:4 | Found a gate to the Realm of Zot.
 96768 | Depths:4 | Found a runed translucent door.
 96768 | Depths:4 | Found a runed translucent door.
 97116 | Depths:4 | Found a one-way gateway to a ziggurat.
 97900 | D:13     | Identified the +1 pair of boots "Papput" {Will+ Str+3
                  | Dex-2}
 98075 | D:15     | Killed Borsukrates's ghost
 98399 | Swamp:3  | Killed Roxanne
 98728 | Orc:2    | Bought a potion of haste for 300 gold pieces
 98728 | Orc:2    | Bought a potion of haste for 300 gold pieces
 99114 | Vaults:5 | Entered Level 5 of the Vaults
 99276 | Vaults:5 | Noticed an ancient lich
 99278 | Vaults:5 | Killed an ancient lich
 99575 | Vaults:5 | Noticed Margery
 99735 | Vaults:5 | Killed Margery
 99801 | Vaults:5 | Reached skill level 10 in Armour
 99943 | Vaults:5 | Reached XP level 24. HP: 169/195 MP: 33/45
101091 | Vaults:5 | Reached skill level 10 in Evocations
102444 | Vaults:5 | Identified the +5 short sword "Ollaur" {spect, rC+ rN+
                  | Dex+3 Stlth+}
102463 | Vaults:5 | Got the Elucidation of Meteoric Oromancy
102465 | Vaults:5 | Got a silver rune of Zot
102471 | Vaults:5 | Identified the staff of Xemept {rElec rF+ Fire}
102741 | Vaults:2 | Reached skill level 13 in Alchemy
103093 | Slime:1  | Entered Level 1 of the Pits of Slime
103917 | Slime:2  | Gained mutation: Your magical capacity is low. (-10% MP) [a
                  | shining eye]
104057 | Slime:2  | Gained mutation: You are vulnerable to heat. (rF-) [a
                  | shining eye]
105131 | Slime:3  | Reached skill level 14 in Alchemy
105206 | Slime:3  | Gained mutation: You occasionally lose the ability to drink
                  | potions when taking damage. [mutagenic glow]
105796 | Slime:2  | You fall into a shaft and drop 2 floors!
106156 | Slime:4  | Gained mutation: You are frail. (-10% HP) [a shining eye]
106597 | Slime:5  | Entered Level 5 of the Pits of Slime
107553 | Slime:5  | Noticed the Royal Jelly
107556 | Slime:5  | the Royal Jelly changed into an iron troll shaped Royal
                  | Jelly
107556 | Slime:5  | Noticed an iron troll shaped Royal Jelly
107596 | Slime:5  | Reached skill level 15 in Alchemy
110825 | Slime:5  | Killed an iron troll shaped Royal Jelly
111055 | Slime:5  | Identified the +1 chain mail of Day {Fly Int+4}
111097 | Slime:5  | Got a slimy rune of Zot
111338 | Slime:5  | Identified the +4 leather armour "Geimamp" {Rampage Dex+2}
111657 | Orc:2    | Bought a shimmering dagger for 203 gold pieces
111657 | Orc:2    | Identified the +9 dagger of Tuc Gimo {freeze, rC+ Str+5
                  | Int+3 Dex-3} (You bought it in a shop on level 2 of the
                  | Orcish Mines)
111657 | Orc:2    | Bought a smoking demon blade for 580 gold pieces
111657 | Orc:2    | Identified the +8 demon blade of the Modern Persimmons
                  | {pain, rElec rF+++ rCorr Dex-5} (You bought it in a shop on
                  | level 2 of the Orcish Mines)
111657 | Orc:2    | Bought a jewelled long sword for 246 gold pieces
111657 | Orc:2    | Identified the +8 long sword of Foul Odours {venom, rCorr
                  | SInv} (You bought it in a shop on level 2 of the Orcish
                  | Mines)
111913 | Crypt:1  | Entered Level 1 of the Crypt
112166 | Crypt:1  | Reached XP level 25. HP: 146/148 MP: 27/41
112422 | Crypt:2  | Reached skill level 16 in Alchemy
112443 | Crypt:2  | Found a magical portal.
112532 | WizLab   | Entered The Roulette of Golubria
112532 | WizLab   | Found a transporter.
112585 | WizLab   | Found a corrupted altar of Lugonu.
112651 | WizLab   | Found a transporter.
112677 | WizLab   | Found a transporter.
112793 | WizLab   | Lost mutation: Your body sometimes deteriorates upon taking
                  | damage. [potion of mutation]
112793 | WizLab   | Lost mutation: You occasionally lose the ability to drink
                  | potions when taking damage. [potion of mutation]
112793 | WizLab   | Lost mutation: You are agile. (Dex +4, Str/Int -1) [potion
                  | of mutation]
112793 | WizLab   | Gained mutation: You possess an exceptional clarity of
                  | mind. [potion of mutation]
112794 | WizLab   | Lost mutation: Your magical capacity is low. (-10% MP)
                  | [potion of mutation]
112794 | WizLab   | Lost mutation: You are vulnerable to heat. (rF-) [potion of
                  | mutation]
112794 | WizLab   | Gained mutation: Your muscles are strong. (Str +4, Int/Dex
                  | -1) [potion of mutation]
112794 | WizLab   | Gained mutation: Your flesh is cold resistant. (rC+)
                  | [potion of mutation]
112794 | WizLab   | Gained mutation: Your spells are a little harder to cast,
                  | but a little more powerful. [potion of mutation]
112797 | WizLab   | Found a transporter.
112797 | WizLab   | Found a transporter.
112800 | WizLab   | Got Pefif's Cyclopedia of Superposition
112972 | WizLab   | Found a transporter.
112976 | WizLab   | Found a corrupted altar of Lugonu.
113136 | WizLab   | Found a corrupted altar of Lugonu.
113141 | WizLab   | Found a transporter.
113164 | WizLab   | Found a transporter.
113183 | WizLab   | Found a transporter.
113250 | WizLab   | Found a transporter.
113250 | WizLab   | Found a transporter.
113361 | WizLab   | Found a transporter.
113620 | WizLab   | Found a transporter.
113620 | WizLab   | Found a transporter.
113677 | WizLab   | Found a transporter.
113719 | WizLab   | Reached skill level 17 in Alchemy
113799 | WizLab   | Got Golubria's Essays on the Door
113805 | WizLab   | Identified the +1 cloak "Ximuerph" {Will+ Stlth+}
113836 | WizLab   | Found a transporter.
113836 | WizLab   | Found a transporter.
113840 | WizLab   | Found a corrupted altar of Lugonu.
113912 | WizLab   | Found a transporter.
113912 | WizLab   | Found a transporter.
114173 | Crypt:3  | Entered Level 3 of the Crypt
114183 | Crypt:3  | Found a staircase to the Tomb.
114191 | Crypt:3  | Got an ivory gem with 1109 turns to spare
114192 | Crypt:3  | pro strats
114358 | Crypt:3  | Found an ancient bone altar of Kikubaaqudgha.
114587 | Crypt:3  | Reached skill level 18 in Alchemy
115293 | Crypt:3  | Lost the ivory gem through the power of Zot.
115677 | Crypt:3  | Reached skill level 19 in Alchemy
116077 | Crypt:3  | Identified the +5 chain mail of Hisozove {Str+3 SInv
                  | Stlth+}
116147 | Crypt:3  | Found a runed translucent gate.
116147 | Crypt:3  | Found a runed translucent gate.
116147 | Crypt:3  | Found an ancient bone altar of Kikubaaqudgha.
116147 | Crypt:3  | Found a runed translucent gate.
116147 | Crypt:3  | Noticed voshxx's ghost (veteran DrSu)
116147 | Crypt:3  | Noticed Wethrebo's ghost (adept DgNe)
116147 | Crypt:3  | Noticed Cacw's ghost (adept SpDe)
116148 | Crypt:3  | Noticed an ancient lich
116317 | Crypt:3  | Killed an ancient lich
116319 | Crypt:3  | Killed Cacw's ghost
116321 | Crypt:3  | Killed voshxx's ghost
116322 | Crypt:3  | Killed Wethrebo's ghost
116357 | Crypt:3  | Identified the -2 pair of gloves of Myof {rPois rN+ Stlth+}
116360 | Crypt:3  | meh
116367 | Crypt:3  | Identified the +3 trident of Guilt {freeze, Fly rF+ rC+
                  | Will-}
116377 | Crypt:3  | Identified the ring "Bibaruy" {rC+ Str+5 SInv}
116433 | Crypt:2  | Reached skill level 20 in Alchemy
117363 | Crypt:1  | Reached XP level 26. HP: 134/187 MP: 19/46
118594 | Zot:1    | Entered Level 1 of the Realm of Zot
118781 | Zot:1    | Reached skill level 21 in Alchemy
119039 | Zot:1    | Identified the ring "Wac Tiru" {rElec rF+ Will+ MP+9
                  | Stlth+}
119041 | Zot:1    | hello there
119660 | Zot:1    | Noticed an orb of fire
119666 | Zot:1    | Gained mutation: You are partially covered in iridescent
                  | scales. (AC +2) [an orb of fire]
119667 | Zot:1    | Killed an orb of fire
120590 | Zot:2    | Reached skill level 15 in Dodging
120915 | Zot:2    | Reached skill level 22 in Alchemy
121595 | Zot:2    | Noticed a dread lich
121599 | Zot:2    | Killed a dread lich
121600 | Zot:2    | Reached skill level 23 in Alchemy
122339 | Zot:2    | Reached skill level 24 in Alchemy
123841 | Zot:3    | Noticed an orb of fire
123847 | Zot:3    | Killed an orb of fire
123984 | Zot:3    | Reached skill level 25 in Alchemy
127910 | Zot:5    | Entered Level 5 of the Realm of Zot
128741 | Zot:5    | Noticed a dread lich
128767 | Zot:5    | Killed a dread lich
128827 | Zot:5    | Reached skill level 26 in Alchemy
129005 | Zot:5    | Noticed an orb of fire
129008 | Zot:5    | Gained mutation: You are dopey. (Int -2) [an orb of fire]
129026 | Zot:5    | Killed an orb of fire
129555 | Zot:5    | Got the Orb of Zot
129559 | Zot:5    | Noticed an ancient lich
129598 | Zot:5    | Noticed Gamoc the pandemonium lord
130100 | D:$      | Escaped with the Orb!

Illustrated notes ,,,* #*....○..○.....** *,,, **+*** #.....°.........* ***+** *,,,,* *#..~~~○~z~~z~~..** *,,,,* *,,,****..~§§§~zzz§§§§~.,****,,,* *,,** *,..~°§#§#§#§#§~~.,,* **,,* **** *,..~§#§§§§§§§#§~.,,* **** *,..~~§§§§§§§§§§~.,,* *,..~~#§§§§§§§#~~,,,* *,..~~~#.#@#.#~~~.,,* **..~○§§§§§§§§§§~.,** *#..~§§§§§§§§§~..** ################* Turn 114192 on Crypt:3: pro strats

).....................(.#
.....######.............#
###).#....#.............#
#.)#....#.....###.....#
#.)#....#.#####)#####.#
#..#....#.# ##..#..#.#
#..#....#.# #=!.#..#.#
#..'....#.# ###⌠.'..#.#
###..'....#.# #.@_.'....#
.....#....#.# ###⌠.'....#
.....#....#.# #:..#..#.#
.....#....#.# ##!.#..#.#
.....#....#.# #)#####.#
.....###'##.# ### #.#
..[.........# #.#
#########...# #.#
#.......#...###########.#


Turn 116360 on Crypt:3: meh #.....# *..[.. #.....# *..... #.....# *,.... #.....#
*,,,,, #.....# *,,,,, #.....# ******,,,,, #....## *,,,,,,**** #....###*,,,,,,* *
#.@†...#*,,,,,,* * #....#.#*,,,,,,* * #....#.#,*,*,*,* * #.......,,,,,>** *
#....#.#.*,*,** * #.....?..,,,,,* * #....#.#.#,*,** * #......$..,,,,* *
*,,,,*,*,*,*,****** Turn 119041 on Zot:1: hello there

Levels and vault maps discovered:
D:1:      dpeg_arrival_chambers_temple_mockup, layout_basic,
          hellmonk_ecumenical_altar_zigzags, serial_shops,
          nicolae_shop_waterfront, shop, nicolae_shop_trees, nicolae_square_shop
D:2:      layout_basic, serial_co_window_serial, co_window_corner_a,
          co_window_paths_a, co_window_paths_a, co_window_corner_a,
          co_window_paths_a, co_window_corner_a, co_window_corner_a,
          co_window_paths_c, co_window_of_opportunity_b,
          co_window_unsneaky_path_e, co_window_2corner, co_window_paths_e,
          glass_columns_c, glass_columns_a, glass_columns_c, serial_shops, shop,
          kennysheep_generic_room_8, uniq_jessica
D:3:      layout_basic, vehumet_statue, gammafunk_temple_overflow_arena
D:4:      minmay_skewed_foursquare, layout_basic,
          grunt_temple_overflow_opulence,
          mainiacjoe_overflow_concentric_impassable, xom_teletrap_fun,
          tso_oasis_becter, minmay_temple_entry_junction_2
D:5:      layout_cave_pools, grunt_temple_overflow_forces_of_nature, uniq_edmund
D:6:      layout_gridville
D:7:      layout_gridville, uniq_crazy_yiuf_cottage, uniq_pikel,
          uniq_prince_ribbit1
D:8:      layout_basic, pdpol_wu_jian_five_deadly_venoms, okawaru_humans,
          nicolae_ashenzari_skybound, lemuel_tele_altar, tgw_trog
D:9:      layout_roguey, elyvilon_altar_4, lair_entry_dummy, zombieorc1_lemuel,
          serial_shops, kennysheep_mini_moat, roderic_roman_lattice,
          minmay_crystal_room, uniq_grum
D:10:     layout_cave_pods, minmay_misc_feat_x, minmay_misc_feat_room,
          grunt_ogre_cave
D:11:     layout_roguey, serial_shops, nicolae_shop_pleasant_corner_grove,
          minivault_16, minmay_circle_x, uniq_josephine, uniq_urug, uniq_harold
D:12:     layout_small_grid, nicolae_hepliaklqana_hippocampus
D:13:     gammafunk_worm_tunnel, layout_loops_ring, serial_shops, shop,
          minmay_statue_crystal_thing
D:14:     layout_basic, grunt_vaults_entry_fortified, serial_bayou_ford_a,
          kennysheep_treasure_room, uniq_frances, uniq_lodul
D:15:     grunt_enter_depths_giant_problem, layout_layer_cave,
          serial_bayou_lagoon_a, ebering_ghost_inner_flame
Temple:   hellmonk_temple_of_storms
Lair:1:   layout_regular_city, small_statue_intersection
Lair:2:   layout_regular_city, alex1729_swamp_entry_worm_eleionoma,
          serial_rivers, chequers_serial_rivers_large_a,
          chequers_serial_rivers_room_b, chequers_serial_rivers_small_b,
          chequers_serial_rivers_micro_d, chequers_serial_rivers_large_b
Lair:3:   layout_concentric_octagons, spider_nest_entry_rubble,
          serial_bayou_shore_b, grunt_megastairs_2
Lair:4:   layout_regular_city
Lair:5:   hellmonk_lair_end_abyssal_woods, layout_hall_layers,
          minmay_slime_entry_oklob_open, grunt_megastairs_3,
          infiniplex_staircase_pool_2, serial_bayou_shore_a
Swamp:1:  layout_basic_swamp, evilmike_swamp_ruin_house_3, swamp_pool_4
Swamp:2:  layout_falls_marsh, nicolae_swamp_tree_isthmus, uniq_jorgrun
Swamp:3:  layout_basic_swamp, portal_ice_cave_entry_frozen_things,
          serial_swamp_ruin, evilmike_swamp_ruin_wall,
          hangedman_swamp_ruin_wall, uniq_roxanne, uniq_aizul, uniq_bai_suzhen,
          uniq_mlioglotl
Swamp:4:  swamp_vile, layout_basic_swamp, infiniplex_staircase_pool
Spider:1: layout_spider_delve
Spider:2: layout_spider_delve
Spider:3: layout_spider_delve
Spider:4: grunt_spider_rune_parallel, drop_trap
Slime:1:  layout_caves
Slime:2:  layout_caves, cheibrodos_slime_lost_civilization_7
Slime:3:  layout_caves
Slime:4:  cheibrodos_slime_lost_civilization_2, layout_caves
Slime:5:  slime_pit_nicolae_block_by_block
Orc:1:    layout_caves, basic_altar, gammafunk_ghost_fury_of_okawaru,
          uniq_nergalle
Orc:2:    grunt_orc_community_town_hall, layout_diamond_mine,
          grunt_orc_community_big_house_2, grunt_orc_community_big_house_2,
          grunt_orc_community_house_3, grunt_orc_community_house_2,
          grunt_orc_community_house_1, grunt_orc_community_house_2, basic_altar,
          serial_shops, shop, shop, nicolae_shop_hallway_plus
Elf:1:    nicolae_elf_arrival_fired_up, layout_onion_city, minmay_elf_sorcery,
          minmay_shoptagon
Elf:2:    elven_hall_of_blades_hangedman_original [nicolae_blade_tridents],
          layout_geoelf_grid
Elf:3:    elf_hall, layout_geoelf_diagonals
Vaults:1: nicolae_vaults_security_offices_3, nicolae_vaults_circle_grid_a,
          nicolae_vaults_sesquioval_fish, hangedman_vaults_cutoff, v_rooms_4,
          nicolae_vaults_variable_pillar_hall, vaults_room_grid,
          v_alt_pattern_6, nicolae_vaults_tetromino_Z_1,
          nicolae_vaults_offset_grid_hallway_2, layout_vaults_ring
Vaults:2: grunt_vaults_bifocal, minmay_crypt_entry_nasty_monster, v_misc_11,
          nicolae_vaults_gold_heap, vaults_dpeg_emergency_exit,
          hangedman_vaults_stitches, nicolae_vaults_wine_cellar,
          nicolae_vaults_weapon_check, nicolae_vaults_offset_grid_hallway_1,
          nicolae_vaults_disjoint_gnomons, nicolae_vaults_library_corner,
          layout_vaults_omnibox, serial_shops, nicolae_shop_trees
Vaults:3: hangedman_vaults_stretched_pinwheel, nicolae_vaults_cornered_office,
          nicolae_vaults_trapezoid_lopsided_3, vaults_dpeg_hooks,
          nicolae_vaults_shrinking_rooms_2, nicolae_vaults_prndl,
          vaults_room_hangedman_quadrants, ontoclasm_vaults_chip,
          grunt_vaults_hallway_short, nicolae_vaults_trapezoid_2,
          nicolae_vaults_trapezoid_lopsided_3, layout_vaults_chaotic_city,
          uniq_donald, uniq_frederick
Vaults:4: v_pattern_1, nicolae_vaults_windows_and_doors_thing, st_squares,
          nicolae_vaults_layer_cake_slice, v_misc_17,
          hangedman_vaults_corner_blocks, hangedman_vaults_trim,
          nicolae_vaults_circle_grid_a, v_alt_pattern_2, vaults_mumra_lcd,
          v_alt_pattern_6, nicolae_vaults_prndl, ontoclasm_vaults_shuriken,
          nicolae_vaults_house_3, nicolae_vaults_more_shelving_1,
          layout_vaults_omnicross, serial_shops, shop,
          nicolae_shop_just_a_little_nook, nicolae_shop_trees, shop,
          nicolae_shop_behind_doors
Vaults:5: uniq_margery
Crypt:1:  layout_chaotic_city, grunt_crypt_arrival_split, grunt_megastairs_1
Crypt:2:  layout_gridlike, lightli_enter_wizlab_magi_temple
Crypt:3:  church_of_pain_bobbens, layout_chaotic_city, gammafunk_ghost_crypt
Depths:1: layout_cave_pools, pf_vacation_house_of_asmodeus,
          abyss_entry_small_statue_room, nicolae_ru_the_path_less_chosen,
          kennysheep_diamond, hangedman_abyss_or_decor_jellyfish_corner,
          kennysheep_windowed_goal, uniq_norris
Depths:2: nzn_winding_woodlands_cross [nzn_winding_woodlands_5x15_default,
          nzn_winding_woodlands_5x15_zeroes,
          nzn_winding_woodlands_5x15_pathside_ponds,
          nzn_winding_woodlands_5x15_split_checker,
          nzn_winding_woodlands_15x15_five_gardens], layout_gridville,
          grunt_pan_entry_zigzag, hell_entry, fedhas_altar_1,
          nicolae_elevator_lobby_asterisk
Depths:3: box_level_dp, abyss_entry, hell_entry
Depths:4: evilmike_zot_entry_castle, layout_gridlike, enter_ziggurat_b,
          corexii_leaking_fountain, rand_demon_pan_entry_9, hell_entry,
          grunt_decor_arrowhead, lemuel_angel_altar, uniq_xtahua,
          uniq_enchantress
Zot:1:    layout_cellular_growth, st_stairs_9,
          hangedman_zot_decor_unnerving_road, nicolae_tricolors
Zot:2:    ebering_klown_carousel, layout_twisted_circle
Zot:3:    grunt_deathspiral_small, layout_cathedral_of_symmetry,
          regret_index_zotdec_tunneler
Zot:4:    regret_index_zot_pan_timeshare, layout_onion_interference, uniq_grunn
Zot:5:    layout_gridlike

Skill      XL: |  1  2  3  4  5  6  7  8  9 10 11 12 13 14 15 16 17 18 19 20 21 22 23 24 25 26 |
---------------+-------------------------------------------------------------------------------+-----
Short Blades   | 4 5 6 7 8 10 | 10.0
Fighting       | 3 4 5 6 7 8 10 13 14 15 16 17 | 17.0
Spellcasting   | 1 2 3 4 6 8 11 13 14 15 16 17 18 19 20 | 20.8
Ice Magic      | 1 2 3 5 6 8 10 12 15 17 18 19 20 22 24 25 | 25.8
Dodging        | 2 3 5 7 9 10 12 13 19 | 19.3
Evocations     | 2 3 4 5 6 8 9 11 12 | 12.0
Stealth        | 5 7 0 |  0.0
Armour         | 1 2 3 4 5 7 8 10 11 | 11.3
Throwing       | 3 4 6 |  6.0
Shields        | 1 5 |  5.0
Alchemy        | 5 11 12 15 20 26 | 26.3
Conjurations   | 3 7 9 11 15 16 | 16.0
Translocations | 1 4 6 7 |  7.0

Action                     |  1- 3 |  4- 6 |  7- 9 | 10-12 | 13-15 | 16-18 | 19-21 | 22-24 | 25-27 || total
---------------------------+-------+-------+-------+-------+-------+-------+-------+-------+-------++-------
  Melee: Dagger            |    60 |   167 |   416 |   232 |     2 |     2 |     1 |     2 |       ||   882
         Short sword       |    91 |     7 |       |       |       |       |       |       |       ||    98
         Punch             |     2 |       |     8 |     2 |       |       |       |       |       ||    12
         Staff             |       |       |       |     6 |     4 |     5 |     7 |    15 |    57 ||    94
         Tailslap          |       |       |       |     1 |       |       |       |       |       ||     1
  Throw: Dart              |    30 |    32 |    48 |    16 |       |       |     1 |       |       ||   127
         Javelin           |       |     3 |       |       |       |     1 |       |       |       ||     4
         Throwing net      |       |       |     1 |       |       |       |     1 |       |       ||     2
         Boomerang         |       |       |       |       |       |    20 |     7 |       |       ||    27
   Cast: Frozen Ramparts   |       |     7 |    62 |    30 |       |       |       |       |       ||    99
         Ozocubu's Refrige |       |       |       |   121 |   456 |   491 |   601 |   533 |   298 ||  2500
         Irradiate         |       |       |       |       |     7 |    69 |    62 |    47 |    99 ||   284
         Apportation       |       |       |       |       |       |     7 |       |     1 |     3 ||    11
         Iskenderun's Myst |       |       |       |       |       |       |    13 |     6 |     5 ||    24
         Orb of Destructio |       |       |       |       |       |       |    33 |    79 |     8 ||   120
         Polar Vortex      |       |       |       |       |       |       |       |    28 |   160 ||   188
 Invoke: Sacrifice Experie |     1 |       |       |       |       |       |       |       |       ||     1
         Draw Out Power    |       |     1 |     1 |     2 |     3 |     7 |     8 |     7 |       ||    29
         Sacrifice Love    |       |     1 |       |       |       |       |       |       |       ||     1
         Sacrifice Stealth |       |       |     1 |       |       |       |       |       |       ||     1
         Apocalypse        |       |       |       |     3 |     2 |     4 |     5 |     8 |     3 ||    25
         Sacrifice Words   |       |       |       |     1 |       |       |       |       |       ||     1
         Reject Sacrifices |       |       |       |     1 |       |       |       |       |       ||     1
         Sacrifice Arcana  |       |       |       |     1 |       |       |       |       |       ||     1
         Sacrifice Purity  |       |       |       |       |     1 |       |       |       |       ||     1
         Power Leap        |       |       |       |       |     2 |     1 |       |       |     3 ||     6
  Evoke: Wand              |       |     2 |     5 |     7 |    12 |    12 |    28 |    10 |    12 ||    88
         Lightning rod     |       |       |       |    18 |    23 |    24 |    20 |    14 |     6 ||   105
         Tin of tremorston |       |       |       |       |       |       |       |     3 |     4 ||     7
         Phial of floods   |       |       |       |       |       |       |       |     1 |       ||     1
    Use: Scroll            |     2 |     4 |    14 |    10 |     8 |     9 |     8 |     2 |    15 ||    72
         Potion            |     1 |       |       |     1 |     7 |     2 |     3 |     6 |     8 ||    28
   Stab: Sleeping          |     7 |     5 |     4 |       |       |       |       |       |       ||    16
         Invisible         |       |     1 |     2 |       |       |       |       |       |       ||     3
         Distracted        |       |       |     3 |       |       |       |       |       |       ||     3
         Held in net/web   |       |       |     1 |       |       |       |       |       |       ||     1
         Confused          |       |       |     1 |       |       |       |       |       |       ||     1
         Paralysed         |       |       |       |       |       |       |     2 |     2 |       ||     4
 Armour: Robe              |    59 |    62 |   117 |   105 |    69 |    65 |       |       |       ||   477
         Leather armour    |       |       |       |       |       |    79 |   152 |   167 |   396 ||   794
  Dodge: Dodged            |    62 |    65 |   123 |    80 |    57 |    88 |   115 |   146 |   384 ||  1120
  Block: Other             |       |       |     8 |    30 |     4 |       |       |       |       ||    42
         Reflection        |       |       |       |     3 |    21 |       |       |       |       ||    24
         Buckler           |       |       |       |       |    35 |    17 |       |       |       ||    52

Table legend: (Time is in decaauts)
 A = Elapsed time spent in this place.
 B = Non-inter-level travel time spent in this place.
 C = Inter-level travel time spent in this place.
 D = Time resting spent in this place.
 E = Time spent auto-exploring this place.
 F = Levels seen in this place.
 G = Mean time per level.
                   A        B        C        D        E       F      G
               +--------+--------+--------+--------+--------+-----+--------+
         Total | 129087 | 119969 |   9118 |  24431 |  78793 |  57 | 2264.7 |
       Dungeon |  27015 |  22345 |   4670 |    810 |  17784 |  15 | 1801.0 |
        Temple |      1 |      1 |      0 |      0 |      0 |   1 |    1.0 |
          Lair |  14437 |  13614 |    823 |   1566 |  10929 |   5 | 2887.4 |
         Swamp |   9268 |   8996 |    272 |   3034 |   5022 |   4 | 2317.0 |
   Spider Nest |  11356 |  11075 |    281 |   5744 |   4396 |   4 | 2839.0 |
    Slime Pits |   8173 |   7923 |    250 |   3358 |   3610 |   5 | 1634.6 |
  Orcish Mines |   4562 |   4020 |    542 |    413 |   3115 |   2 | 2281.0 |
   Elven Halls |   4021 |   3902 |    119 |   1196 |   1884 |   3 | 1340.3 |
        Vaults |  17048 |  16225 |    823 |    847 |  13122 |   5 | 3409.6 |
         Crypt |   4818 |   4576 |    242 |    500 |   2974 |   3 | 1606.0 |
        Depths |  15642 |  14920 |    722 |   4150 |   8680 |   4 | 3910.5 |
           Zot |  11190 |  10818 |    372 |   2646 |   6289 |   5 | 2238.0 |
        Wizlab |   1550 |   1550 |      0 |    165 |    983 |   1 | 1550.0 |
               +--------+--------+--------+--------+--------+-----+--------+

Top non-repeatable levels by time:
Depths:3: 5878 daAuts
Spider:4: 5730 daAuts
Depths:4: 5305 daAuts
Vaults:4: 4785 daAuts
  Lair:5: 4768 daAuts
 Slime:5: 4552 daAuts
Vaults:2: 4440 daAuts
 Swamp:4: 4148 daAuts
     D:9: 3509 daAuts
  Lair:2: 3458 daAuts
    D:14: 3272 daAuts
   Orc:2: 3266 daAuts
Vaults:1: 2958 daAuts
 Swamp:3: 2815 daAuts
Vaults:3: 2743 daAuts
